 Dungeon Crawl Stone Soup version 0.30-a0-165-g1891117ce2 (webtiles) character file.

Game seed: 7513865438431142962

55 jimonade the Shooter (level 3, -1/20 HPs)
             Began as a Deep Elf Hunter on Sept 26, 2022.
             Slain by Terence
             ... wielding a +0 flail
              (6 damage)
             ... on level 3 of the Dungeon on Sept 28, 2022.
             The game lasted 00:04:09 (3016 turns).

jimonade the Shooter (Deep Elf Hunter)              Turns: 3016, Time: 00:04:10

Health: -1/20      AC:  3    Str:  8    XL:     3   Next: 67%
Magic:  5/5        EV: 12    Int: 13    God:
Gold:   128        SH:  0    Dex: 20    Spells: 2/2 levels left

rFire   . . .      SeeInvis .    a - +0 shortbow
rCold   . . .      Faith    .    (shield currently unavailable)
rNeg    . . .      Spirit   .    c - +0 leather armour
rPois   .          Reflect  .    (no helmet)
rElec   .          Harm     .    (no cloak)
rCorr   .          Rampage  .    (no gloves)
Will    .....                    (no boots)
Stlth   ++........               (no amulet)
HPRegen 0.06/turn                (no ring)
MPRegen 0.09/turn                (no ring)

@: no status effects
A: no striking features
a: no special abilities


You were on level 3 of the Dungeon.
You visited 1 branch of the dungeon, and saw 3 of its levels.

You collected 128 gold pieces.

Inventory:

Hand Weapons
 a - a +0 shortbow (weapon)
Armour
 c - a +0 leather armour (worn)
Magical Staves
 k - a staff of earth
Jewellery
 m - a +6 ring of dexterity
 p - a +4 ring of evasion
 r - a ring of flight
Scrolls
 b - a scroll of immolation
 f - 2 scrolls of identify {unknown}
 g - 2 scrolls of fog {unknown}
 i - 3 scrolls of blinking {unknown}
 s - 2 scrolls of noise {unknown}
 t - 2 scrolls of fear {unknown}
Potions
 d - a potion of lignification {unknown}
 e - 2 potions of curing {unknown}
 h - 2 potions of brilliance {unknown}
 j - 2 potions of heal wounds {unknown}
 l - a potion of degeneration {unknown}
 n - a potion of invisibility {unknown}
 o - 3 potions of flight {unknown}
 q - 2 potions of might {unknown}


   Skills:
 - Level 1.5 Fighting
 + Level 7.2 Ranged Weapons
 - Level 2.4 Dodging
 - Level 1.2 Stealth


You had 2 spell levels left.
You didn't know any spells.
Your spell library was empty.

Dungeon Overview and Level Annotations

Branches:
Dungeon (3/15)

Altars:
Makhleb
Okawaru
Qazlal
Sif Muna

Shops:
D:2 [

Annotations:
D:2 Sigmund
D:3 Terence


Message History

A hobgoblin comes into view.
A hobgoblin is nearby!
You shoot an arrow. The arrow hits the hobgoblin!
You kill the hobgoblin!
You open the door.
Found a mace.
There is an open door here.
Terence the Incautious comes into view.
He is wielding a +0 flail.
You see here a +0 mace.
You shoot an arrow.
The arrow hits Terence but does no damage.
You shoot an arrow. The arrow hits Terence.
Terence is lightly wounded.
There is an open door here.
Terence says, "Don't bother to defend, it's pointless."
You shoot an arrow.
The arrow hits Terence but does no damage.
Terence is lightly wounded.
You shoot an arrow. The arrow completely misses Terence.
You shoot an arrow. The arrow hits Terence!
Terence is severely wounded.
You shoot an arrow.
The arrow hits Terence but does no damage.
Terence is severely wounded.
Terence hits you with a +0 flail.
You shoot an arrow.
The arrow hits Terence but does no damage.
Terence is severely wounded.
Terence hits you with a +0 flail!
* * * LOW HITPOINT WARNING * * *
You are too injured to fight recklessly!
You are too injured to fight recklessly!
You are too injured to fight recklessly!
Fire: a) +0 shortbow
Press: ? - help, Q - select action Shift-Dir - straight line, f/p - Terence
Aim: Terence, wielding a +0 flail and wearing a +0 scale mail (severely wounded, 69% to hit)
You shoot an arrow. The arrow hits Terence.
Terence is severely wounded.
Terence hits you with a +0 flail.
You die...

#.# #.# ##.##### #†# .......#
#.# ##.###.# #.# #+##
##.###.# #.# #...## ##..##.##
#.#### #.|...# ........#
#.##.## ##...P♣..
........####.....####.....P..
................@@..').......
....###.#####....####........
#.#.###.# #.#.## ##.......
........# #.### #.....#
###.##### #.# #...## #.# ...
#+## #.# .#. #.# #. . #.# ##
#.


You could see Terence.

Vanquished Creatures
  A gnoll (D:1)
  An orc (D:3)
  5 bats
  3 endoplasms
  3 giant cockroaches
  A goblin (D:1)
  7 hobgoblins
  3 jackals (D:3)
  3 quokkas
  2 ball pythons
  4 frilled lizards
  3 kobolds
  3 rats
39 creatures vanquished.

Vanquished Creatures (others)
  9 plants (D:1)
9 creatures vanquished.

Grand Total: 48 creatures vanquished

Notes
Turn   | Place    | Note
-------+----------+-------------------------------------------
     0 | D:1      | jimonade the Deep Elf Hunter began the quest for the Orb.
     0 | D:1      | Reached XP level 1. HP: 12/12 MP: 3/3
   295 | D:1      | Reached skill level 6 in Ranged Weapons
   295 | D:1      | Reached XP level 2. HP: 16/16 MP: 4/4
   592 | D:1      | Found a faded altar of an unknown god.
  1180 | D:1      | Upgraded the game from 0.30-a0-141-g30f27751c5 to
                  | 0.30-a0-165-g1891117ce2
  1539 | D:2      | Found Juurgh's Armour Shoppe.
  1555 | D:2      | Reached XP level 3. HP: 14/20 MP: 5/5
  1701 | D:2      | Found a burning altar of Makhleb.
  2220 | D:2      | Noticed Sigmund
  2340 | D:3      | Reached skill level 7 in Ranged Weapons
  2393 | D:3      | Found an iron altar of Okawaru.
  2567 | D:3      | Found a shimmering blue altar of Sif Muna.
  2620 | D:3      | Found a stormy altar of Qazlal.
  3003 | D:3      | Noticed Terence
  3016 | D:3      | Slain by Terence

Illustrated notes

Levels and vault maps discovered:
D:1:      ncdulo_lavacross, layout_loops_ring, serial_forest,
          infiniplex_forest_clump_curved, infiniplex_forest_clump_small,
          infiniplex_forest_lined_room_2, infiniplex_forest_clump_large,
          infiniplex_forest_lined_room_2, infiniplex_forest_lined_2,
          infiniplex_forest_lined_ring, infiniplex_forest_clump_curved,
          hellmonk_ecumenical_altar_heavens_door, minmay_crystal_water
D:2:      layout_basic, basic_altar, serial_forest, infiniplex_forest_fountain,
          infiniplex_forest_straight_3, infiniplex_forest_lined_room_,
          infiniplex_forest_clump_curved, infiniplex_forest_end_2,
          infiniplex_forest_clump_tiny, serial_shops, shop,
          minmay_fractal_squares_5, uniq_sigmund
D:3:      layout_loops_corners, mainiacjoe_overflow_cross_hatched,
          nicolae_qazlal_general_emergency, mainiacjoe_overflow_surrounded_room,
          serial_park_tiny_1, uniq_terence

Skill      XL: |  1  2  3 |
---------------+----------+-----
Ranged Weapons | 6 7 |  7.2
Fighting       | |  1.5
Dodging        | |  2.4
Stealth        | |  1.2

Action                   || total
-------------------------++-------
Melee: Unarmed           ||     4
 Fire: Shortbow          ||   112
Armor: Leather armour    ||     9
Dodge: Dodged            ||    23

Table legend: (Time is in decaauts)
 A = Elapsed time spent in this place.
 B = Non-inter-level travel time spent in this place.
 C = Inter-level travel time spent in this place.
 D = Time resting spent in this place.
 E = Time spent auto-exploring this place.
 F = Levels seen in this place.
 G = Mean time per level.
                   A        B        C        D        E       F      G
               +--------+--------+--------+--------+--------+-----+--------+
         Total |   3042 |   2904 |    138 |      0 |   2602 |   3 | 1014.0 |
       Dungeon |   3042 |   2904 |    138 |      0 |   2602 |   3 | 1014.0 |
               +--------+--------+--------+--------+--------+-----+--------+

Top non-repeatable levels by time:
     D:1: 1193 daAuts
     D:2: 1133 daAuts
     D:3: 715 daAuts
